 Dungeon Crawl Stone Soup version 0.24-a0-290-gbb66a672fa (webtiles) character file.

Game seed: 14084489595594883219

51 Redear the Skirmisher (level 3, 0/29 HPs)
             Began as a Demonspawn Chaos Knight on May 8, 2019.
             Was a Plaything of Xom.
             Slain by a bullfrog (7 damage)
             ... on level 2 of the Dungeon.
             The game lasted 00:01:21 (1626 turns).

Redear the Skirmisher (Demonspawn Chaos Knight)     Turns: 1626, Time: 00:01:21

Health: 0/29       AC:  5    Str: 13    XL:     3   Next: 57%
Magic:  3/3        EV: 12    Int: 13    God:    Xom [*.....]
Gold:   75         SH:  0    Dex: 14    Spells: 2/2 levels left

rFire    . . .     SeeInvis .   a - +0 hand axe (chaos)
rCold    . . .     Gourm    .   (no shield)
rNeg     . . .     Faith    .   b - +2 leather armour
rPois    .         Spirit   .   (no helmet)
rElec    .         Reflect  .   (no cloak)
rCorr    .         Harm     .   (no gloves)
MR       .....                  (no boots)
Stlth    ++........             (no amulet)
HPRegen  0.09/turn              (no ring)
MPRegen  0.08/turn              (no ring)

@: no status effects
A: thin skeletal structure 1
a: Renounce Religion


You were on level 2 of the Dungeon.
You worshipped Xom.
You were a special plaything of Xom.
You were not hungry.

You visited 1 branch of the dungeon, and saw 2 of its levels.

You collected 75 gold pieces.

Inventory:

Hand Weapons
 a - a +0 hand axe of chaos (weapon)
 k - a +0 mace of holy wrath
Armour
 b - a +2 leather armour (worn)
Jewellery
 i - an uncursed ring of protection from fire {unknown}
Scrolls
 c - a scroll of identify {unknown}
 f - a scroll of remove curse {unknown}
 g - a scroll of fear {unknown}
Potions
 d - 2 potions of flight {unknown}
 e - a potion of berserk rage {unknown}
 h - a potion of curing {unknown}
 j - a potion of lignification {unknown}
Comestibles
 z - 7 rations


   Skills:
 + Level 3.4 Fighting
 + Level 3.1 Axes
 + Level 2.3 Armour
 + Level 1.7 Dodging


You had 2 spell levels left.
You didn't know any spells.
Your spell library was empty.

Dungeon Overview and Level Annotations

Branches:
Dungeon (2/15)

Altars:


Innate Abilities, Weirdness & Mutations

You have a somewhat thin skeletal structure. (Dex +2, Stealth)


Message History

You are too injured to fight recklessly!
You are too injured to fight recklessly!
You are too injured to fight recklessly!
You barely miss the bullfrog.
The bullfrog is moderately wounded.
The bullfrog hits you but does no damage.
The bullfrog hits you.
The bullfrog hits you but does no damage.
You take 1 damage, and have 14/29 hp.
You closely miss the bullfrog.
The bullfrog is moderately wounded.
The bullfrog barely misses you. The bullfrog hits you.
You take 4 damage, and have 10/29 hp.
You closely miss the bullfrog.
The bullfrog is moderately wounded.
The bullfrog misses you. The bullfrog hits you.
* * * LOW HITPOINT WARNING * * *
The bullfrog hits you!
You die... "I guess I need a new plaything now."

#.. #.# # #(#
.###.#. #..
.........### #.#
#........... #.#
#.####...### #F#
#.# ##. #@# #.# #
#D#####.#####(####
#.............#...
#######.#######.##
####.# #.# #....#
#.# #.#### #.# #.#
#.# #.# #.#


You could see a bullfrog and a friendly ice dragon.

Vanquished Creatures
  2 adders (D:2)
  An ooze (D:1)
  2 leopard geckos (D:1)
  2 giant cockroaches (D:1)
  3 goblins
  2 hobgoblins
  4 jackals (D:1)
  3 bats
  A frilled lizard (D:1)
  4 kobolds (D:1)
  3 rats
27 creatures vanquished.

Notes
Turn   | Place    | Note
-------+----------+-------------------------------------------
     0 | D:1      | Redear the Demonspawn Chaos Knight began the quest for the
                  | Orb.
     0 | D:1      | Reached XP level 1. HP: 18/18 MP: 1/1
    47 | D:1      | Reached skill level 1 in Dodging
   109 | D:1      | Reached skill level 2 in Armour
   109 | D:1      | Gained mutation: You have a somewhat thin skeletal
                  | structure. (Dex +2, Stealth) [demonic ancestry]
   109 | D:1      | Reached XP level 2. HP: 18/24 MP: 2/2
   455 | D:1      | XOM: harmless Tloc miscast
   533 | D:1      | XOM: 6-stop teleportation journey
   686 | D:1      | Reached skill level 3 in Axes
  1037 | D:2      | Reached XP level 3. HP: 29/29 MP: 3/3
  1619 | D:2      | Noticed a bullfrog
  1619 | D:2      | XOM: cast spell 'Summon Dragon'
  1626 | D:2      | Slain by a bullfrog

Levels and vault maps discovered:
D:1:      lemuel_arrival_broad_hall, layout_basic, bh_walls_and_bars
D:2:      layout_loops_ring, first_ration

Skill      XL: |  1  2 |
---------------+-------+-----
Dodging        | 1 |  1.7
Armour         | 2 |  2.3
Axes           | 3 |  3.1
Fighting       | |  3.4

Action                   || total
-------------------------++-------
Melee: Hand axe          ||    99
 Stab: Sleeping          ||     3
       Paralysed         ||     2
  Eat: Ration            ||     1
Armor: Leather armour    ||    41
Dodge: Dodged            ||    49

Table legend:
 A = Non-vault XP
 B = Vault XP
 C = Vault XP percentage of total XP
 D = Non-vault monster count
 E = Vault monster count
 F = Vault count percentage of total count
                 A         B        C        D         E       F
            +---------+---------+-------+---------+---------+-------
      Total |      73 |       0 |   0.0 |      27 |       0 |   0.0
            +---------+---------+-------+---------+---------+-------
        D:1 |      39 |       0 |   0.0 |      20 |       0 |   0.0
        D:2 |      34 |       0 |   0.0 |       7 |       0 |   0.0
            +---------+---------+-------+---------+---------+-------
